 Dungeon Crawl Stone Soup version 0.28-a0-1202-g1e6f1b2279 (webtiles) character file.

Game seed: 2076058189321457355

23737 Ijustatesigmund the Severer (level 13, -14/124 HPs)
             Began as a Hill Orc Fighter on Dec 20, 2021.
             Was a Priest of Cheibriados.
             Demolished by Rupert (46 damage)
             ... on level 13 of the Dungeon.
             The game lasted 00:27:28 (16220 turns).

Ijustatesigmund the Severer (Hill Orc Fighter)     Turns: 16220, Time: 00:27:28

Health: -14/124    AC: 17    Str: 28    XL:     13   Next: 8%
Magic:  21/21      EV: 18    Int: 20    God:    Cheibriados [***...]
Gold:   416        SH:  0    Dex: 18    Spells: 11/12 levels left

rFire   . . .      SeeInvis .   a - +3 broad axe (vorpal)
rCold   . . .      Faith    .   c - +1 buckler
rNeg    . . .      Spirit   .   b - +3 troll leather armour {Snorg}
rPois   .          Reflect  .   i - +0 helmet
rElec   .          Harm     .   D - +0 cloak
rCorr   .          Rampage  .   A - +2 pair of gloves
Will    +....                   p - +1 pair of boots
Stlth   +.........              (no amulet)
HPRegen 1.10/turn               f - +4 ring of evasion
MPRegen 0.17/turn               o - ring of willpower

@: confused, lethally poisoned (-14 -> -26), ambrosia-drunk, very slow
A: no striking features
a: Renounce Religion, Bend Time, Temporal Distortion


You were on level 13 of the Dungeon.
You worshipped Cheibriados.
Cheibriados was most pleased with you.
You visited 2 branches of the dungeon, and saw 14 of its levels.
You also visited: Ossuary.

You collected 726 gold pieces.
You spent 310 gold pieces at shops.

Inventory:

Hand Weapons
 a - a +3 vorpal broad axe (weapon)
 h - a +5 morningstar
 J - a +2 demon whip of venom
Missiles
 e - 4 silver boomerangs (quivered)
 B - a throwing net
Armour
 b - a +3 troll leather armour (worn) {Snorg}
 c - a +1 buckler (worn)
 i - a +0 helmet (worn)
 p - a +1 pair of boots (worn)
 A - a +2 pair of gloves (worn)
 D - a +0 cloak (worn)
Jewellery
 f - a +4 ring of evasion (left hand)
 g - the ring of Voodghi Zeja {rPois Str+4}
   (You found it on level 9 of the Dungeon)

   [ring of poison resistance]

   Str:       It affects your strength (+4).
   rPois:     It protects you from poison.
 j - a ring of willpower
 l - a ring of protection from fire
 o - a ring of willpower (right hand)
 r - a ring of protection from cold
 F - a ring of fire
 L - a ring of magical power
Wands
 s - a wand of digging (4)
 y - a wand of flame (31)
 z - a wand of iceblast (1)
 C - a wand of paralysis (3)
 I - a wand of mindburst (5)
Scrolls
 d - 2 scrolls of identify
 m - a scroll of brand weapon
 v - a scroll of enchant armour
 G - 4 scrolls of immolation
Potions
 k - a potion of cancellation
 n - 3 potions of magic
 t - 4 potions of flight
 u - a potion of curing
 w - 4 potions of attraction
 H - a potion of resistance
Miscellaneous
 M - a condenser vane


   Skills:
 + Level 14.2 Fighting
 + Level 15.4 Axes
 - Level 10.5 Armour
 - Level 4.9 Dodging
 - Level 3.2 Shields
 - Level 1.2 Translocations
 + Level 10.6 Invocations
 + Level 2.9 Evocations


You had 11 spell levels left.
You knew the following spells:

 Your Spells              Type           Power      Damage    Failure   Level
a - Apportation           Tloc           8%         N/A       14%         1

Your spell library contained the following spells:

 Spells                   Type           Power      Damage    Failure   Level
 Animate Skeleton         Necr           0%         N/A       22%         1
 Magic Dart               Conj           0%         1d3       22%         1
 Summon Small Mammal      Summ           0%         N/A       22%         1
 Call Imp                 Summ           0%         N/A       34%         2
 Mephitic Cloud           Conj/Pois/Air  0%         N/A       56%         3


Dungeon Overview and Level Annotations

Branches:
Dungeon (13/15)            Temple (1/1) D:4            Lair (0/6) D:8
    Orc (0/2) D:11        Ossuary (visited)
 Vaults: D:13-14

Altars:
Ashenzari
Cheibriados
Dithmenos
Elyvilon
Fedhas
Gozag
Hepliaklqana
Kikubaaqudgha
Makhleb
Nemelex Xobeh
Okawaru
Qazlal
Ru
Sif Muna
Trog
Uskayaw
Vehumet
Wu Jian
Xom
Yredelemnul
Zin
The Shining One

Shops:
D:2 **   D:6 :   D:9 *(**

Annotations:
D:7 exclusion: statue
D:13 Rupert


Message History

Found a stone staircase leading up.
There is a stone staircase leading up here.
You start resting.
HP restored.
Things that are here:
a +4 battleaxe; a +0 chain mail
Things that are here:
a +0 club; a +0 shortbow; 18 arrows You see here 4 large rocks.
You now have 416 gold pieces (gained 8).
d - 2 scrolls of identify (gained 1)
Found 13 poisoned darts.
Rupert the Wild comes into view.
He is wielding a +1 great mace of venom and wearing a +2 chain mail of fire resistance.
Rupert roars madly and goes into a rage!
Rupert goes berserk!
The flow of time bends around you.
Rupert easily resists.
Rupert misses you.
Rupert hits you with a +1 great mace of venom!!
You are poisoned.
Rupert hits you with a +1 great mace of venom!
You are more poisoned.
You feel extremely sick.
Rupert rages.
Rupert hits you with a +1 great mace of venom!!
You are more poisoned.
You feel better.
Rupert hits you with a +1 great mace of venom!!!
* * * LOW HITPOINT WARNING * * *
You are poisoned.
You block Rupert's attack.
Okay, then.
You are confused.
You feel invigorated.
You feel very sick. Rupert misses you.
You're too confused to move!
You feel sick.
Rupert hits you with a +1 great mace of venom.
* * * LOW HITPOINT WARNING * * *
You are more poisoned.
Rupert hits you with a +1 great mace of venom!!!
You die...

##### #...# ####
###...### ..?
#......(####.#
#####
#........@@..#
#...#
#.......####.#
#...# ###...### .#
#...#### #...# .#
.......####.####.#
.#
.................#
.#
.......####.######
.. #.(.#### #.# ##
#)..## #.#


You could see Rupert (berserk).

Vanquished Creatures
  A very ugly thing (D:9)
  Snorg (D:10)
  2 boulder beetles
  A hydra (D:10)
  An ogre mage (D:9)
  Erolcha (D:12)
  5 two-headed ogres
  4 centaur warriors
  A shock serpent (shapeshifter) (D:9)
  A phantasmal warrior (D:13)
  A deep elf pyromancer (D:10)
  A manticore (D:10)
  2 cyclopes
  An ugly thing (D:11)
  Maurice (D:8)
  An unseen horror (D:7)
  A gargoyle (D:12)
  Psyche (D:7)
  A freezing wraith (D:13)
  A kobold demonologist (D:12)
  3 trolls
  A hornet (D:10)
  A slime creature (D:9)
  2 wraiths
  7 wyverns
  5 yaks (D:10)
  5 water moccasins
  An acid dragon (D:11)
  An ice beast (D:7)
  3 orc warriors
  3 black bears
  2 necrophages
  3 ogres
  2 wolves
  7 centaurs
  A phantom (D:7)
  An elf zombie (Ossuary)
  3 bullfrogs
  2 gnoll sergeants
  3 scorpions
  A wyvern zombie (D:6)
  A water moccasin skeleton (D:5)
  9 killer bees
  A howler monkey (D:9)
  14 wights
  3 centaur zombies
  2 bullfrog zombies
  3 gnoll shamans
  4 hounds
  Crazy Yiuf (D:2)
  A human zombie (Ossuary)
  7 orc priests
  A centaur skeleton (D:6)
  4 iguanas
  12 orc wizards
  2 hound zombies (Ossuary)
  4 mummies (Ossuary)
  A howler monkey zombie (D:7)
  23 gnolls
  5 adders
  A white imp (D:6)
  An ufetubus (D:7)
  An adder skeleton (D:4)
  A worm (D:4)
  A dart slug (D:2)
  19 orcs
  8 ball pythons
  6 endoplasms
  5 giant cockroaches
  3 gnoll zombies (Ossuary)
  11 goblins
  4 hobgoblins
  8 jackals
  7 kobolds
  4 quokkas
  4 bats
  12 frilled lizards
  2 goblin zombies (Ossuary)
  A jackal zombie (Ossuary)
  An orc zombie (Ossuary)
  5 rats
  2 rat zombies
291 creatures vanquished.

Vanquished Creatures (others)
  A death knight (D:13)
  A skeletal warrior (D:13)
  A cyclops (D:13)
  An orc warrior (D:7)
  A howler monkey zombie (D:10)
  3 fungi (D:8)
  19 plants
27 creatures vanquished.

Grand Total: 318 creatures vanquished

Notes
Turn   | Place    | Note
-------+----------+-------------------------------------------
     0 | D:1      | Ijustatesigmund the Hill Orc Fighter began the quest for
                  | the Orb.
     0 | D:1      | Reached XP level 1. HP: 19/19 MP: 1/1
   241 | D:1      | Reached skill level 3 in Axes
   246 | D:1      | Reached XP level 2. HP: 27/27 MP: 2/2
   651 | D:1      | Reached XP level 3. HP: 31/33 MP: 3/3
   670 | D:1      | Reached skill level 4 in Axes
   827 | D:1      | Learned a level 1 spell: Apportation
   989 | D:2      | Found Ronenu's General Store.
  1045 | D:2      | Found Pieqoux's Assorted Antiques.
  1211 | D:2      | Reached XP level 4. HP: 38/41 MP: 4/4
  1234 | D:2      | Found a faded altar of an unknown god.
  1562 | D:2      | Found a runed translucent door.
  1563 | D:2      | Noticed Crazy Yiuf
  2340 | D:4      | Reached skill level 5 in Axes
  2345 | D:4      | Reached skill level 1 in Translocations
  2394 | D:4      | Reached XP level 5. HP: 43/47 MP: 5/5
  2524 | D:2      | Bought a broad axe for 96 gold pieces
  2608 | D:4      | Reached skill level 5 in Fighting
  3049 | D:4      | Found a staircase to the Ecumenical Temple.
  3141 | Temple   | Entered the Ecumenical Temple
  3523 | D:4      | Reached XP level 6. HP: 39/56 MP: 6/6
  3533 | D:4      | Reached skill level 6 in Axes
  4235 | D:5      | Entered Level 5 of the Dungeon
  4421 | D:5      | Reached XP level 7. HP: 60/62 MP: 7/7
  4593 | D:5      | Reached skill level 7 in Axes
  4602 | D:5      | Reached skill level 5 in Armour
  5116 | D:6      | Reached XP level 8. HP: 66/73 MP: 8/8
  5200 | D:6      | Found Kasum's Book Boutique.
  5208 | D:6      | Reached skill level 8 in Axes
  6388 | D:7      | Reached skill level 9 in Axes
  6415 | D:7      | Reached XP level 9. HP: 66/82 MP: 9/9
  6466 | D:7      | Killed an unseen horror
  6841 | D:7      | Reached skill level 10 in Axes
  6843 | D:7      | Found a radiant altar of Vehumet.
  7555 | D:8      | Found a sand-covered staircase.
  7563 | D:8      | Noticed Psyche
  7564 | Ossuary  | Entered an ossuary
  7575 | Ossuary  | Reached skill level 10 in Fighting
  7736 | Ossuary  | Reached skill level 11 in Axes
  7835 | D:7      | Reached XP level 10. HP: 78/93 MP: 10/10
  8013 | D:7      | Killed Psyche
  8843 | D:2      | Bought a potion of heal wounds for 50 gold pieces
  8843 | D:2      | Bought a scroll of identify for 20 gold pieces
  8843 | D:2      | Bought a scroll of identify for 20 gold pieces
  8940 | D:2      | Killed Crazy Yiuf
  9081 | Temple   | Became a worshipper of Cheibriados the Contemplative
  9187 | D:8      | Reached skill level 1 in Invocations
  9468 | D:8      | Reached skill level 1 in Dodging
  9587 | D:8      | Found a staircase to the Lair.
  9802 | D:8      | Noticed Maurice
  9810 | D:8      | Killed Maurice
  9811 | D:8      | Reached skill level 12 in Axes
  9814 | D:8      | Reached * piety under Cheibriados
 10299 | D:9      | Found Amyrao's Assorted Antiques.
 10334 | D:9      | Bought a grey potion for 26 gold pieces
 10474 | D:9      | Found a runed translucent door.
 10475 | D:9      | Noticed a two-headed ogre
 10548 | D:9      | Noticed a shock serpent
 10560 | D:9      | Killed a shock serpent
 10561 | D:9      | Reached skill level 5 in Invocations
 10561 | D:9      | Reached XP level 11. HP: 13/102 MP: 14/14
 10903 | D:9      | Noticed a centaur warrior
 10912 | D:9      | Killed a centaur warrior
 11012 | D:9      | Noticed an ogre mage
 11012 | D:9      | Noticed a brown very ugly thing
 11020 | D:9      | Killed a brown very ugly thing
 11020 | D:9      | Reached ** piety under Cheibriados
 11021 | D:9      | Reached skill level 13 in Axes
 11021 | D:9      | Killed an ogre mage
 11031 | D:9      | Identified the ring of Voodghi Zeja {rPois Str+4}
 11835 | D:9      | Found Yxzidulo's Antique Weapon Shop.
 11961 | D:9      | Found Ysiludd's General Store.
 11969 | D:9      | Bought a scroll of teleportation for 30 gold pieces
 11969 | D:9      | Bought a scroll of identify for 20 gold pieces
 11969 | D:9      | Bought a scroll of fog for 20 gold pieces
 12026 | D:9      | Found Wuisomut's General Store.
 12029 | D:9      | Bought a scroll of identify for 28 gold pieces
 12269 | D:10     | Entered Level 10 of the Dungeon
 12269 | D:10     | Noticed a six-headed hydra
 12606 | D:10     | Noticed a manticore
 12620 | D:10     | Killed a manticore
 12847 | D:10     | Found a flagged portal.
 12847 | D:10     | Noticed Snorg
 12906 | D:10     | Killed Snorg
 13357 | D:10     | Noticed a two-headed ogre
 13363 | D:10     | Killed a two-headed ogre
 13507 | D:10     | Noticed a centaur warrior
 13514 | D:10     | Killed a centaur warrior
 13514 | D:10     | Reached *** piety under Cheibriados
 13548 | D:10     | Noticed a two-headed ogre
 13548 | D:10     | Noticed a cyclops
 13548 | D:10     | Noticed a boulder beetle
 13548 | D:10     | Noticed a deep elf pyromancer
 13561 | D:10     | Killed a two-headed ogre
 13562 | D:10     | Reached XP level 12. HP: 82/113 MP: 13/18
 13726 | D:10     | Reached skill level 14 in Axes
 13771 | D:10     | Noticed a centaur warrior
 13783 | D:10     | Killed a centaur warrior
 13879 | D:10     | Killed a boulder beetle
 13951 | D:10     | Noticed an eight-headed hydra
 13967 | D:10     | Killed an eight-headed hydra
 14148 | D:10     | Reached skill level 10 in Armour
 14953 | D:11     | Found a staircase to the Orcish Mines.
 15255 | D:12     | Noticed a two-headed ogre
 15262 | D:12     | Killed a two-headed ogre
 15366 | D:12     | Noticed a boulder beetle
 15390 | D:12     | Killed a boulder beetle
 15498 | D:12     | Noticed a two-headed ogre
 15510 | D:12     | Killed a two-headed ogre
 15511 | D:12     | Reached skill level 15 in Axes
 15511 | D:12     | Reached skill level 10 in Invocations
 15611 | D:12     | Noticed a two-headed ogre
 15618 | D:12     | Killed a two-headed ogre
 15619 | D:12     | Reached skill level 1 in Evocations
 15744 | D:12     | Noticed Erolcha
 15756 | D:12     | Killed Erolcha
 15819 | D:12     | Found the +11 plutonium sword {Contam Stlth-}
 15990 | D:12     | You fall into a shaft and drop 1 floor!
 16064 | D:13     | Noticed a death knight
 16066 | D:13     | Noticed a centaur warrior
 16071 | D:13     | Reached XP level 13. HP: 45/124 MP: 20/20
 16214 | D:13     | Noticed Rupert
 16220 | D:13     | Demolished by Rupert

Illustrated notes

Levels and vault maps discovered:
D:1:      heliophobic_arrival_battle_scene, layout_basic
D:2:      layout_basic, serial_shops, shop, shop, nicolae_ecumenical_pavilion,
          uniq_crazy_yiuf_cottage
D:3:      layout_rooms
D:4:      layout_basic, minmay_temple_entry_nine_rooms, corner_web_ring,
          minmay_misc_feat_nine_boxes
D:5:      layout_rooms
D:6:      layout_basic, serial_shops, nicolae_shop_statue_plus,
          minmay_lizard_king
D:7:      layout_basic, vehumet_statue, minivault_23
D:8:      layout_cave_pools, minmay_lair_entry_grove, enter_ossuary_3,
          uniq_maurice, uniq_psyche
D:9:      layout_stronghold, serial_shops, shop, nicolae_shop_hallway_plus,
          nicolae_shop_window_shopping, nicolae_diamond_shop, minivault_13
D:10:     minmay_opposing_rooms, layout_stronghold, enter_bailey_8, uniq_snorg
D:11:     layout_loops_corners, orc_0_dummy
D:12:     layout_grid_maze, minmay_misc_feat_enclosed, uniq_erolcha
D:13:     layout_loops_ring, chequers_avenue, uniq_rupert
Temple:   regret_index_temple_sigil_plot

Skill      XL: |  1  2  3  4  5  6  7  8  9 10 11 12 |
---------------+-------------------------------------+-----
Axes           | 3 4 5 6 7 9 11 12 13 15 | 15.4
Fighting       | 4 5 7 8 10 11 12 14 | 14.2
Translocations | 1 |  1.2
Armour         | 4 5 7 8 9 10 | 10.5
Invocations    | 5 8 10 | 10.6
Dodging        | 3 4 |  4.9
Evocations     | 2 |  2.9
Shields        | |  3.2

Action                   |  1- 3 |  4- 6 |  7- 9 | 10-12 | 13-15 || total
-------------------------+-------+-------+-------+-------+-------++-------
Melee: War axe           |   102 |    96 |       |       |       ||   198
       Broad axe         |       |    57 |   252 |   426 |     4 ||   739
       Morningstar       |       |       |       |     7 |       ||     7
Throw: Boomerang         |       |       |       |     3 |       ||     3
 Cast: Apportation       |       |       |     1 |       |       ||     1
Invok: Bend Time         |       |       |       |     3 |     2 ||     5
Evoke: Wand              |       |       |     4 |     9 |     2 ||    15
  Use: Scroll            |       |     7 |     9 |    14 |     1 ||    31
       Potion            |       |     1 |       |     8 |     6 ||    15
Armor: Scale mail        |    50 |    55 |     9 |       |       ||   114
       Skin              |       |     6 |       |       |       ||     6
       Chain mail        |       |       |   139 |   144 |       ||   283
       Troll leather arm |       |       |       |    70 |     6 ||    76
Dodge: Dodged            |    64 |   114 |   138 |   348 |    13 ||   677
Block: Buckler           |    28 |    36 |    65 |   153 |     8 ||   290

Table legend: (Time is in decaauts)
 A = Elapsed time spent in this place.
 B = Non-inter-level travel time spent in this place.
 C = Inter-level travel time spent in this place.
 D = Time resting spent in this place.
 E = Time spent auto-exploring this place.
 F = Levels seen in this place.
 G = Mean time per level.
                   A        B        C        D        E       F      G
               +--------+--------+--------+--------+--------+-----+--------+
         Total |  18379 |  17304 |   1075 |   3603 |  10989 |  15 | 1225.3 |
       Dungeon |  17778 |  16776 |   1002 |   3603 |  10549 |  13 | 1367.5 |
        Temple |    348 |    275 |     73 |      0 |    259 |   1 |  348.0 |
       Ossuary |    252 |    252 |      0 |      0 |    181 |   1 |  252.0 |
               +--------+--------+--------+--------+--------+-----+--------+

Top non-repeatable levels by time:
    D:10: 2596 daAuts
     D:9: 2554 daAuts
     D:7: 2372 daAuts
     D:4: 1693 daAuts
    D:11: 1256 daAuts
     D:8: 1226 daAuts
     D:6: 1221 daAuts
    D:12: 1121 daAuts
     D:2: 1090 daAuts
     D:1: 878 daAuts
     D:5: 809 daAuts
     D:3: 674 daAuts
  Temple: 348 daAuts
    D:13: 282 daAuts
 Ossuary: 252 daAuts
